AoeStats
← 布丁

Fortress

508217295Analyzed
4v4 RM · 10d ago on Sep 21, 2026· 67m 47s· 8 players
Game mode
Random Map
Map size
Huge
Population
200
Speed
Normal
Resources
Standard
Victory
Conquest
Starting age
Dark Age
Ending age
Imperial Age
RankedLock teamsTeams togetherTeam positionsShared explorationLock speedFull tech treeHidden civsTurbo modeCheats
Victory
Defeat
🇭🇰 Saracens · Hong Kong SAR China
979
+13
🇮🇳 Franks · India
906
+16
🇨🇳 Slavs · China
880
+17
🇹🇼 Goths · Taiwan
877
+18
🇨🇳 Portuguese · China
941
-17
🇨🇳 Italians · China
927
-17
🇬🇧 Bohemians · United Kingdom
926
-17
🇦🇷 Byzantines · Argentina
835
-13
Michi
7:28 Feudal Age
8:33 Double-Bit Axe
10:00 Horse Collar
12:44 Castle Age
16:01 Bow Saw
18:34 Heavy Plow
20:16 Stone Mining
20:16 Gold Mining
26:15 Imperial Age
23:32 Loom
24:39 Wheelbarrow
25:22 Bloodlines
25:12 Husbandry
26:57 Hand Cart
26:59 Forging
26:54 Scale Barding Armor
26:34 Heavy Camel Rider
28:26 Conscription
28:10 Gold Mining
27:54 Light Cavalry
30:06 Scale Barding Armor
30:37 Iron Casting
32:19 Bimaristan
33:38 Two-Man Saw
33:53 Elite Mameluke
36:37 Chain Barding Armor
36:39 Thumb Ring
36:24 Town Watch
37:19 Gold Shaft Mining
36:17 Elite Skirmisher
42:29 Caravan
61:06 Chemistry
60:26 Ballistics
60:13 Siege Engineers
61:52 Fletching
62:03 Padded Archer Armor
布丁
1:36 Loom
9:18 Feudal Age
14:07 Castle Age
14:26 Wheelbarrow
13:40 Double-Bit Axe
23:39 Hand Cart
26:50 Bow Saw
26:24 Horse Collar
31:54 Imperial Age
29:59 Gold Mining
30:00 Stone Mining
30:33 Pikeman
31:14 Squires
32:41 Perfusion
32:42 Anarchy
32:49 Anarchy
32:34 Halberdier
34:41 Chemistry
35:45 Elite Huskarl
38:37 Scale Mail Armor
38:48 Forging
50:24 Chain Mail Armor
50:45 Iron Casting
51:34 Heavy Plow
54:02 Two-Man Saw
54:08 Light Cavalry
54:59 Bloodlines
55:30 Husbandry
54:59 Hussar
55:08 Hussar
61:27 Blast Furnace
60:33 Scale Barding Armor
Black Wolf
2:31 Loom
8:01 Feudal Age
12:22 Castle Age
10:13 Double-Bit Axe
17:00 Bow Saw
19:02 Wheelbarrow
21:29 Hand Cart
22:28 Forging
22:23 Scale Barding Armor
22:36 Town Watch
23:17 Husbandry
24:33 Town Patrol
25:21 Ballistics
25:17 Gold Mining
25:36 Stone Mining
30:22 Imperial Age
28:53 Gold Shaft Mining
29:02 Chain Barding Armor
29:18 Iron Casting
30:11 Caravan
30:27 Elite Skirmisher
31:45 Plate Barding Armor
32:11 Blast Furnace
32:12 Conscription
31:23 Cavalier
34:46 Chemistry
33:52 Siege Engineers
33:50 Fletching
34:01 Padded Archer Armor
34:06 Paladin
36:09 Bodkin Arrow
36:30 Leather Archer Armor
61:01 Chivalry
62:38 Fortified Wall
caihongjiuzi
7:32 Feudal Age
8:43 Horse Collar
13:28 Castle Age
11:41 Double-Bit Axe
22:27 Bloodlines
22:43 Light Cavalry
23:54 Detinets
24:15 Bow Saw
25:14 Gold Mining
25:16 Stone Mining
25:57 Forging
25:55 Scale Barding Armor
27:24 Wheelbarrow
30:47 Imperial Age
29:25 Hand Cart
29:36 Ballistics
30:31 Heavy Plow
31:18 Gold Shaft Mining
31:05 Capped Ram
32:29 Fortified Wall
32:25 Pikeman
34:04 Conscription
35:55 Conscription
37:05 Two-Man Saw
36:11 Husbandry
36:42 Masonry
38:12 Iron Casting
37:38 Scale Mail Armor
37:28 Onager
42:04 Man-at-Arms
43:56 Druzhina
45:05 Blast Furnace
44:20 Chain Mail Armor
45:39 Siege Onager
50:23 Halberdier
52:21 Squires
52:57 Plate Mail Armor
52:33 Scale Barding Armor
51:52 Hussar
52:45 Caravan
52:35 Elite Boyar
56:39 Chain Barding Armor
55:55 Long Swordsman
58:15 Siege Ram
Leard
7:22 Feudal Age
11:33 Castle Age
9:48 Double-Bit Axe
10:03 Horse Collar
10:51 Loom
14:45 Bow Saw
14:41 Heavy Plow
22:42 Wheelbarrow
22:24 Town Watch
23:43 Hand Cart
25:04 Chemistry
27:28 Imperial Age
25:18 Padded Archer Armor
25:21 Scale Mail Armor
26:33 Leather Archer Armor
26:33 Town Patrol
26:49 Wagenburg Tactics
26:37 Pikeman
27:19 Squires
29:21 Conscription
30:02 Siege Engineers
30:18 Ballistics
29:51 Halberdier
31:26 Chain Mail Armor
31:39 Forging
34:20 Two-Man Saw
33:55 Plate Mail Armor
33:08 Houfnice
35:29 Ring Archer Armor
35:34 Iron Casting
41:44 Blast Furnace
SQEX
7:36 Feudal Age
12:34 Castle Age
14:30 Town Watch
24:11 Imperial Age
22:11 Double-Bit Axe
23:56 Bow Saw
28:14 Chemistry
29:07 Loom
32:11 Padded Archer Armor
43:08 Leather Archer Armor
42:44 Fletching
43:35 Crossbowman
44:21 Thumb Ring
44:44 Ballistics
44:44 Arbalester
46:08 Bodkin Arrow
46:44 Ring Archer Armor
47:18 Ballistics
49:50 Bracer
62:47 Arquebus
63:09 Conscription
每天都打原神
8:28 Feudal Age
8:55 Double-Bit Axe
8:55 Horse Collar
14:57 Castle Age
16:24 Bow Saw
17:32 Wheelbarrow
16:54 Stone Mining
18:33 Fletching
20:44 Ballistics
20:08 Treadmill Crane
21:05 Heavy Plow
21:23 Loom
21:20 Light Cavalry
22:02 Husbandry
24:21 Ballistics
25:29 Bodkin Arrow
26:12 Hand Cart
26:34 Town Watch
27:59 Bloodlines
27:52 Padded Archer Armor
28:03 Forging
31:19 Imperial Age
29:08 Masonry
29:11 Fortified Wall
29:12 Gold Mining
30:00 Stone Shaft Mining
29:30 Town Patrol
30:02 Leather Archer Armor
29:54 Scale Barding Armor
31:08 Iron Casting
31:07 Silk Road
31:41 Chain Barding Armor
31:33 Masonry
31:19 Murder Holes
31:36 Caravan
33:00 Chemistry
32:23 Conscription
33:25 Two-Man Saw
33:07 Crop Rotation
33:20 Bracer
34:53 Plate Barding Armor
34:18 Elite Genoese Crossbowman
36:03 Ring Archer Armor
36:35 Blast Furnace
36:48 Pirotechnia
37:15 Architecture
38:37 Hoardings
43:11 Hussar
43:19 Cavalier
50:23 Elite Skirmisher
Macintosh
0:30 Loom
7:54 Feudal Age
8:26 Double-Bit Axe
8:22 Horse Collar
12:45 Wheelbarrow
16:49 Castle Age
15:22 Fletching
16:51 Padded Archer Armor
17:41 Bow Saw
17:32 Heavy Plow
18:16 Elite Skirmisher
18:56 Bodkin Arrow
19:22 Leather Archer Armor
20:28 Hand Cart
25:36 Imperial Age
23:31 Gold Mining
24:15 Thumb Ring
27:19 Two-Man Saw
27:28 Chemistry
29:21 Crop Rotation
29:34 Fortified Wall
30:25 Gold Shaft Mining
30:26 Ballistics
30:54 Conscription
33:20 Hoardings
33:40 Bracer
34:43 Ring Archer Armor
35:33 Scale Mail Armor
35:43 Forging
35:24 Arson
35:43 Squires
Connection lost

Rejoining the realm…

Still unreachable

The connection could not be restored.

Session expired

The server has moved on; the page needs a fresh start.